Description

for example

Build Order

Get SALT Encoding   

  14  0:18  Supply Depot  
  16  0:41  Barracks  
  16  0:44  Refinery  
  20  1:28  Orbital Command  
  20  1:29  Reaper  
  20  1:42  Command Center  2nd cc
  21  1:54  Supply Depot  
  21  2:00  Marine  
  24  2:18  Factory  
  24  2:21  Barracks Reactor  
  24  2:20  Action  scout third hatch timing with reaper
  27  2:55  Command Center  3rd cc
  27  2:58  Orbital Command  
  27  3:03  Starport  swap barracks and factory on reactor
  28  3:13  Refinery  2nd
  32  3:20  Hellion  build 6 hellions
  33  3:24  Barracks Tech Lab  
  43  3:50  Viking  snipe overlords
  45  4:00  Action  scout for roach / all in or eco
  55  4:15  Supply Depot  2scv in a row
  57  4:21  Stimpack  
  57  4:22  Liberator  
  60  4:40  Action  3cc land
  60  4:41  Hellion  attack with 6 hellions
  65  5:00  Barracks x2  2nd & 3rd on reactor
  67  5:05  Starport Reactor, Factory Tech Lab  tank, for barracks
  60  5:15  Engineering Bay x2  build marine medivac army barracks / 2x eng bay
  69  5:21  Refinery  3 & 4
  72  5:40  Barracks x2  4th & 5th
  80  5:50  Supply Depot x3  3scv in a row
  88  6:40  Refinery x2  5 & 6
  90  6:50  Armory  
  105  7:10  Command Center  4th
  148  8:00  Action  scout drone 4th base
Spawning Tool Build Advisor. Get it on Overwolf

Go to:

Details

  • Created by: Cecio14
  • Published on: Jun 21, 2025
  • Modified on: Jun 21, 2025
  • Patch: 5.0.11
  • Difficulty: Medium
Show
View Real Time Build Order
Export as new Build Order

Comments (0)

There are no comments. Be the first!

Create an account to comment!